Maple Leafs vs Nordiques

Created - October 19, 2017 at 19:00

Goals
1 2 3 T
Maple Leafs 0 1 4 5
Nordiques 2 1 0 3
Shots
1 2 3 T
Maple Leafs 6 8 16 30
Nordiques 7 20 14 41

1st period

1. Nordiques , Daniel Briere 1 (Marek Svatos 1, R.J. Umberger 3) at 14:03 (PP)
2. Nordiques , Michael Ryder 2 (Rich Peverley 2, Dmitry Kulikov 2) at 18:57

Penalties :
Matt Moulson (Que) for High sticking (Minor) at 3:27, Marek Svatos (Que) for High sticking (Minor) at 9:01, Marc-Édouard Vlasic (Tor) for Cross-checking (Minor) at 13:46, Chris Drury (Que) for High sticking (Minor) at 16:17

2nd period

3. Nordiques , Ryan Ellis 1 (Daniel Briere 4) at 13:33
4. Maple Leafs , Eric Nystrom 2 (Gilbert Brule 2, Claude Giroux 5) at 15:48 (SH)

Penalties :
Eric Nystrom (Tor) for High sticking (Minor) at 10:35, Colby Armstrong (Tor) for Holding (Minor) at 14:51

3rd period

5. Maple Leafs , Claude Giroux 1 (Tobias Enstrom 1, Braydon Coburn 4) at 0:12
6. Maple Leafs , Alexander Frolov 2 (Gilbert Brule 3, Taylor Chorney 1) at 3:05
7. Maple Leafs , Fabian Brunnstrom 2 (Colby Armstrong 1) at 13:34
8. Maple Leafs , Jordan Staal 4 (Claude Giroux 6) at 19:23 (Empty Net)

Penalties :
Claude Giroux (Tor) for Hooking (Minor) at 8:40

Goalie Stats

Marc-André Fleury (Tor), 38 saves from 41 shots - (0.927), W, 3-0-0, 60:00 minutes
Tyler Weiman (Que), 25 saves from 29 shots - (0.862), L, 1-3-0, 59:40 minutes

Players Stats for Maple Leafs

Player Name              G  A  P  +/- PIM S  H  SB GA TA FO     MP     PP MP  PK MP  
------------------------------------------------------------------------------------
Alexander Frolov         1  0  1   1  0   5  2  0  1  1  0/1    18:13   3:17   1:03 
Blake Comeau             0  0  0   0  0   1  2  0  0  0  0/0    10:43   0:00   1:21 
Braydon Coburn           0  1  1   2  0   3  0  3  1  1  0/0    24:53   2:16   4:14 
Claude Giroux            1  2  3   1  2   5  0  0  1  0  0/0    21:07   3:17   3:21 
Colby Armstrong          0  1  1   1  2   0  1  1  0  0  1/1    11:28   0:00   0:00 
Eric Nystrom             1  0  1   0  2   1  3  1  0  0  0/0     9:46   0:00   0:29 
Evgeny Grachev           0  0  0   1  0   0  1  0  0  0  2/6    11:05   0:00   0:00 
Fabian Brunnstrom        1  0  1   1  0   1  5  0  0  0  0/1    13:41   2:40   0:00 
Gilbert Brule            0  2  2   2  0   2  3  1  1  0  4/6    18:03   2:40   1:46 
Jamie Benn               0  0  0   0  0   0  0  0  0  1  1/1    13:58   0:00   0:00 
John Klingberg           0  0  0   1  0   0  0  1  0  0  0/0    14:25   2:16   0:00 
Jordan Staal             1  0  1   1  0   5  2  0  1  1  15/34  22:21   3:17   4:28 
Marc-Édouard Vlasic      0  0  0   0  2   3  2  1  1  0  0/0    22:24   3:41   1:43 
Michael Grabner          0  0  0   1  0   0  1  0  0  0  0/0    16:16   2:40   0:00 
Ryan Parent              0  0  0  -1  0   1  1  0  0  0  0/0    19:24   0:00   2:00 
Taylor Chorney           0  1  1   2  0   3  0  0  0  0  0/0    12:16   0:00   0:17 
Tobias Enstrom           0  1  1   2  0   0  1  0  0  2  0/0    25:25   3:41   4:14 
Zac Dalpe                0  0  0  -1  0   0  0  1  1  0  1/1     8:14   0:00   0:00 

Players Stats for Nordiques

Player Name              G  A  P  +/- PIM S  H  SB GA TA FO     MP     PP MP  PK MP  
------------------------------------------------------------------------------------
Chris Drury              0  0  0  -1  2   0  2  0  0  0  3/8    16:15   1:41   1:22 
Daniel Briere            1  1  2  -2  0   9  0  1  0  0  18/27  21:38   4:33   3:00 
Dmitry Kulikov           0  1  1   0  0   1  1  0  0  1  0/0    13:25   0:00   0:17 
Dustin Byfuglien         0  0  0  -3  0   5  2  3  0  1  0/0    19:18   1:49   2:41 
Fedor Tyutin             0  0  0  -1  0   1  1  3  1  2  0/0    27:46   4:25   3:14 
Jean-Pierre Dumont       0  0  0  -1  0   4  2  2  0  0  0/0    12:32   0:00   0:00 
Kyle Calder              0  0  0  -1  0   2  0  0  0  0  0/0    14:29   0:00   1:24 
Marek Svatos             0  1  1  -2  2   5  3  0  1  1  2/7    20:41   4:33   2:02 
Mark Eaton               0  0  0  -2  0   0  0  1  0  0  0/0    18:49   1:49   2:26 
Matt Moulson             0  0  0  -1  2   1  2  0  0  0  1/1    14:22   1:41   0:00 
Michael Ryder            1  0  1   1  0   2  0  0  0  0  0/0     7:57   0:00   0:00 
Nikolai Kulemin          0  0  0   1  0   0  1  0  0  0  1/1     7:57   0:00   0:00 
Paul Gaustad             0  0  0  -1  0   0  2  1  0  1  1/4    15:02   0:00   1:59 
R.J. Umberger            0  1  1  -2  0   4  0  0  1  1  0/1    18:38   4:33   0:00 
Rich Peverley            0  1  1   1  0   1  2  0  0  0  1/2     8:18   0:00   0:19 
Ryan Ellis               1  0  1  -1  0   2  0  1  3  0  0/0    27:31   4:25   2:59 
T.J. Fast                0  0  0   1  0   2  0  0  0  0  0/0    13:11   0:00   0:17 
Vladimir Tarasenko       0  0  0  -1  0   2  0  1  0  0  0/0    16:11   1:41   1:48 

3 Stars

1 - Gilbert Brule (Tor)
2 - Fabian Brunnstrom (Tor)
3 - Claude Giroux (Tor)

Power Play

Maple Leafs - 0 on 3 Attempt(s) - 0.00%
Nordiques - 1 on 4 Attempt(s) - 25.00%

Penalty Kill

Maple Leafs - 3 on 4 Attempt(s) - 75.00% - Score 1 goal in Penalty Kill
Nordiques - 3 on 3 Attempt(s) - 100.00% - Score 0 goal in Penalty Kill

Team Stat

Maple Leafs - Hits : 24 - Faceoff Wins : 24 - Blocked Shots : 9 - Penalty Minutes : 8
Nordiques - Hits : 18 - Faceoff Wins : 27 - Blocked Shots : 13 - Penalty Minutes : 6

Official

Referees : Fraser Kerry and Kowal Tom
Linesman : Jean Morin and Lonnie Cameron

Game Notes

Jordan Staal has scored in a empty net!

Finance

Level 1 -- Attendance: 3827 (63.78%) -- Ticket Income $401,835
Level 2 -- Attendance: 3365 (67.30%) -- Ticket Income $218,725
Level 3 -- Attendance: 1387 (69.35%) -- Ticket Income $63,802
Level 4 -- Attendance: 2347 (58.68%) -- Ticket Income $82,145
Luxury Box -- Attendance: 884 (88.40%) -- Ticket Income $145,860
Game was played at the Centre Videotron.
Total Attendance: 11810 (65.61%)
Total Ticket Income: $912,367
Other Income: $136,855
Total Income: $1,049,222

Maple Leafs

5 vs 5 Forward 
   Center                   Left Wing                Right Wing               Time % Phy DF OF 
 1 Jordan Staal             Jamie Benn               Claude Giroux            40     0   2  3  
 2 Gilbert Brule            Alexander Frolov         Michael Grabner          30     0   2  3  
 3 Evgeny Grachev           Fabian Brunnstrom        Colby Armstrong          20     0   2  3  
 4 Zac Dalpe                Eric Nystrom             Blake Comeau             10     0   3  2  

5 vs 5 Defense 
   Defense                  Defense                                           Time % Phy DF OF 
 1 Tobias Enstrom           Braydon Coburn                                    40     0   2  3  
 2 Ryan Parent              Marc-Édouard Vlasic                               30     0   2  3  
 3 John Klingberg           Taylor Chorney                                    20     0   3  2  
 4 Tobias Enstrom           Braydon Coburn                                    10     0   2  3  

PowerPlay Forward 
   Center                   Left Wing                Right Wing               Time % Phy DF OF 
 1 Jordan Staal             Alexander Frolov         Claude Giroux            60     0   1  4  
 2 Gilbert Brule            Fabian Brunnstrom        Michael Grabner          40     0   2  3  

PowerPlay Defense
   Defense                  Defense                                           Time % Phy DF OF 
 1 Tobias Enstrom           Marc-Édouard Vlasic                               60     0   2  3  
 2 John Klingberg           Braydon Coburn                                    40     0   3  2  

Penalty Kill 4 Players Forward 
   Center                   Wing                     Time % Phy DF OF 
 1 Jordan Staal             Claude Giroux            60     0   4  1  
 2 Gilbert Brule            Eric Nystrom             40     0   4  1  

Penalty Kill 4 Players Defense
   Defense                  Defense                  Time % Phy DF OF 
 1 Tobias Enstrom           Braydon Coburn           60     0   5  0  
 2 Ryan Parent              Marc-Édouard Vlasic      40     0   5  0  

Penalty Kill - 3 Players Forward 
   Forward                                           Time % Phy DF OF 
 1 Jordan Staal                                      60     0   4  1  
 2 Gilbert Brule                                     40     0   4  1  

Penalty Kill - 3 Players Defense
   Defense                  Defense                  Time % Phy DF OF 
 1 Tobias Enstrom           Taylor Chorney           60     0   5  0  
 2 Taylor Chorney           Tobias Enstrom           40     0   5  0  

4 vs 4 Forward 
   Center                   Wing                     Time % Phy DF OF 
 1 Jordan Staal             Claude Giroux            60     0   2  3  
 2 Gilbert Brule            Michael Grabner          40     0   2  3  

4 vs 4 Defense
   Defense                  Defense                  Time % Phy DF OF 
 1 Tobias Enstrom           Braydon Coburn           60     0   3  2  
 2 Ryan Parent              Marc-Édouard Vlasic      40     0   3  2  

Last Minutes Offensive
   Center                   Left Wing                Right Wing               Defense                  Defense                  
   Jordan Staal             Alexander Frolov         Claude Giroux            Tobias Enstrom           Marc-Édouard Vlasic      

Last Minutes Defensive
   Center                   Left Wing                Right Wing               Defense                  Defense                  
   Jordan Staal             Alexander Frolov         Claude Giroux            Braydon Coburn           Taylor Chorney           

Goaltenders
Starting : Marc-André Fleury        
Backup : Alex Stalock             

Extra Forwards
Normal : Michael Grabner, Eric Nystrom, Blake Comeau - PP : Michael Grabner, Eric Nystrom - PK : Blake Comeau
Extra Defensemen
Normal : John Klingberg, Ryan Parent, Marc-Édouard Vlasic - PP : Ryan Parent - PK : Ryan Parent, Taylor Chorney
Penalty Shots
Claude Giroux, Gilbert Brule, Alexander Frolov, Fabian Brunnstrom, Zac Dalpe

Scratches
None

Nordiques

5 vs 5 Forward 
   Center                   Left Wing                Right Wing               Time % Phy DF OF 
 1 Daniel Briere            R.J. Umberger            Marek Svatos             40     0   1  4  
 2 Chris Drury              Matt Moulson             Vladimir Tarasenko       30     0   2  3  
 3 Paul Gaustad             Kyle Calder              Jean-Pierre Dumont       20     0   3  2  
 4 Rich Peverley            Nikolai Kulemin          Michael Ryder            10     0   2  3  

5 vs 5 Defense 
   Defense                  Defense                                           Time % Phy DF OF 
 1 Fedor Tyutin             Ryan Ellis                                        40     0   4  1  
 2 Mark Eaton               Dustin Byfuglien                                  30     0   4  1  
 3 T.J. Fast                Dmitry Kulikov                                    20     0   4  1  
 4 Fedor Tyutin             Ryan Ellis                                        10     0   4  1  

PowerPlay Forward 
   Center                   Left Wing                Right Wing               Time % Phy DF OF 
 1 Daniel Briere            R.J. Umberger            Marek Svatos             60     0   0  5  
 2 Chris Drury              Matt Moulson             Vladimir Tarasenko       40     0   0  5  

PowerPlay Defense
   Defense                  Defense                                           Time % Phy DF OF 
 1 Fedor Tyutin             Ryan Ellis                                        60     0   2  3  
 2 Mark Eaton               Dustin Byfuglien                                  40     0   2  3  

Penalty Kill 4 Players Forward 
   Center                   Wing                     Time % Phy DF OF 
 1 Marek Svatos             Daniel Briere            60     0   3  2  
 2 Chris Drury              Vladimir Tarasenko       40     0   3  2  

Penalty Kill 4 Players Defense
   Defense                  Defense                  Time % Phy DF OF 
 1 Fedor Tyutin             Ryan Ellis               60     0   5  0  
 2 Mark Eaton               Dustin Byfuglien         40     0   5  0  

Penalty Kill - 3 Players Forward 
   Forward                                           Time % Phy DF OF 
 1 Marek Svatos                                      60     0   4  1  
 2 Daniel Briere                                     40     0   4  1  

Penalty Kill - 3 Players Defense
   Defense                  Defense                  Time % Phy DF OF 
 1 Fedor Tyutin             Ryan Ellis               60     0   5  0  
 2 Mark Eaton               Dustin Byfuglien         40     0   5  0  

4 vs 4 Forward 
   Center                   Wing                     Time % Phy DF OF 
 1 Marek Svatos             Daniel Briere            60     0   2  3  
 2 Chris Drury              Vladimir Tarasenko       40     0   1  4  

4 vs 4 Defense
   Defense                  Defense                  Time % Phy DF OF 
 1 Fedor Tyutin             Ryan Ellis               60     0   3  2  
 2 Mark Eaton               Dustin Byfuglien         40     0   3  2  

Last Minutes Offensive
   Center                   Left Wing                Right Wing               Defense                  Defense                  
   Daniel Briere            R.J. Umberger            Marek Svatos             Fedor Tyutin             Ryan Ellis               

Last Minutes Defensive
   Center                   Left Wing                Right Wing               Defense                  Defense                  
   Daniel Briere            R.J. Umberger            Marek Svatos             Mark Eaton               T.J. Fast                

Goaltenders
Starting : Tyler Weiman             
Backup : Julien Ellis             

Extra Forwards
Normal : Jean-Pierre Dumont, Vladimir Tarasenko, Chris Drury - PP : Vladimir Tarasenko, Daniel Briere - PK : Paul Gaustad
Extra Defensemen
Normal : Dustin Byfuglien, Dmitry Kulikov, Ryan Ellis - PP : Dustin Byfuglien - PK : Ryan Ellis, Mark Eaton
Penalty Shots
Marek Svatos, Daniel Briere, Chris Drury, Vladimir Tarasenko, R.J. Umberger

Scratches
Bruno Gervais (Healthy), Milan Bartovic (Healthy), Tim Crowder (Healthy)

% Time on Ice - Maple Leafs

Lines # - Real PCT - Wanted PCT - Time Play
Normal Forward
1 - 31% - 40% - 14:30
2 - 29% - 30% - 13:37
3 - 23% - 20% - 11:05
4 - 17% - 10% - 8:14
Normal Defense
1 - 37% - 40% - 17:46
2 - 37% - 30% - 17:28
3 - 26% - 20% - 12:12
4 - 0% - 10% - 0:00
PP Forward
1 - 55% - 60% - 3:17
2 - 45% - 40% - 2:40
PP Defense
1 - 62% - 60% - 3:41
2 - 38% - 40% - 2:16
PK Forward
1 - 86% - 60% - 5:20
2 - 14% - 40% - 0:54
PK Defense
1 - 68% - 60% - 4:14
2 - 32% - 40% - 2:00
PK3 Forward
1 - 0% - 60%
2 - 0% - 40%
PK3 Defense
1 - 0% - 60%
2 - 0% - 40%
44 Forward
1 - 0% - 60%
2 - 0% - 40%
44 Defense
1 - 0% - 60%
2 - 0% - 40%
Last Minute Offensive  - 0:00
Last Minute Defensive  - 0:23
Total
Forward - 60:00
Defense - 60:00

% Time on Ice - Nordiques

Lines # - Real PCT - Wanted PCT - Time Play
Normal Forward
1 - 29% - 40% - 13:30
2 - 28% - 30% - 13:13
3 - 27% - 20% - 12:32
4 - 17% - 10% - 7:57
Normal Defense
1 - 40% - 40% - 18:53
2 - 32% - 30% - 15:15
3 - 25% - 20% - 12:02
4 - 2% - 10% - 1:02
PP Forward
1 - 73% - 60% - 4:33
2 - 27% - 40% - 1:41
PP Defense
1 - 71% - 60% - 4:25
2 - 29% - 40% - 1:49
PK Forward
1 - 67% - 60% - 4:00
2 - 33% - 40% - 1:57
PK Defense
1 - 61% - 60% - 3:39
2 - 39% - 40% - 2:18
PK3 Forward
1 - 0% - 60%
2 - 0% - 40%
PK3 Defense
1 - 0% - 60%
2 - 0% - 40%
44 Forward
1 - 0% - 60%
2 - 0% - 40%
44 Defense
1 - 0% - 60%
2 - 0% - 40%
Last Minute Offensive  - 0:37
Last Minute Defensive  - 0:00
Total
Forward - 60:00
Defense - 60:00

Play by Play

1st period


0:01 of 1st period - Jordan Staal wins face-off versus Daniel Briere in neutral zone.
0:10 of 1st period - Snap shot by Jordan Staal.
0:10 of 1st period - Shot Misses the Net.
0:26 of 1st period - Fedor Tyutin is hit by Alexander Frolov and loses puck.
0:45 of 1st period - Slapshot by Tobias Enstrom.
0:45 of 1st period - Shot Blocked by Dustin Byfuglien.
0:47 of 1st period - Wrist shot by Colby Armstrong.
0:47 of 1st period - Shot Misses the Net.
0:49 of 1st period - Slapshot by Braydon Coburn.
0:49 of 1st period - Stopped by Tyler Weiman without a rebound.
0:50 of 1st period - Rich Peverley wins face-off versus Evgeny Grachev in Nordiques zone.
1:01 of 1st period - Slapshot by Ryan Parent.
1:01 of 1st period - Shot Hit the Post.
1:17 of 1st period - Dmitry Kulikov is hit by Eric Nystrom and loses puck.
2:15 of 1st period - Slapshot by Marc-Édouard Vlasic.
2:15 of 1st period - Shot Blocked by Dustin Byfuglien.
2:17 of 1st period - Wrist shot by Ryan Parent.
2:17 of 1st period - Stopped by Tyler Weiman without a rebound.
2:18 of 1st period - Zac Dalpe wins face-off versus Rich Peverley in Nordiques zone.
3:27 of 1st period - Minor Penalty to Matt Moulson for High sticking.
3:28 of 1st period - Jordan Staal wins face-off versus Marek Svatos in Nordiques zone.
3:43 of 1st period - Wrist shot by Marc-Édouard Vlasic.
3:43 of 1st period - Stopped by Tyler Weiman without a rebound.
3:44 of 1st period - Jordan Staal wins face-off versus Marek Svatos in Nordiques zone.
4:43 of 1st period - Vladimir Tarasenko is hit by Alexander Frolov.
5:21 of 1st period - Ryan Ellis is hit by Marc-Édouard Vlasic and loses puck.
5:27 of 1st period - Penalty to Matt Moulson is over, Matt Moulson is back on ice.
5:54 of 1st period - Jean-Pierre Dumont is hit by Colby Armstrong and loses puck.
6:26 of 1st period - Daniel Briere is hit by Fabian Brunnstrom and loses puck.
6:37 of 1st period - Ryan Parent is hit by Rich Peverley and loses puck.
7:16 of 1st period - Braydon Coburn is hit by Matt Moulson and loses puck.
7:32 of 1st period - Eric Nystrom is hit by Marek Svatos and loses puck.
8:01 of 1st period - Jordan Staal is hit by Paul Gaustad and loses puck.
8:14 of 1st period - Mark Eaton is hit by Gilbert Brule and loses puck.
9:01 of 1st period - Minor Penalty to Marek Svatos for High sticking.
9:02 of 1st period - Paul Gaustad wins face-off versus Alexander Frolov in Nordiques zone.
9:29 of 1st period - Ryan Ellis is hit by Fabian Brunnstrom and loses puck.
11:01 of 1st period - Penalty to Marek Svatos is over, Marek Svatos is back on ice.
11:14 of 1st period - Wrist shot by Blake Comeau.
11:14 of 1st period - Stopped by Tyler Weiman with a rebound.
11:58 of 1st period - Snap shot by Chris Drury.
11:58 of 1st period - Shot Blocked by Colby Armstrong.
12:08 of 1st period - Marc-Édouard Vlasic is hit by Dustin Byfuglien and loses puck.
12:38 of 1st period - Tobias Enstrom is hit by Jean-Pierre Dumont and loses puck.
13:10 of 1st period - Wrist shot by Rich Peverley.
13:10 of 1st period - Shot Blocked by Eric Nystrom.
13:12 of 1st period - Snap shot by T.J. Fast.
13:12 of 1st period - Deflect By Blake Comeau.
13:12 of 1st period - Stopped by Marc-André Fleury with a rebound.
13:42 of 1st period - Slapshot by Dmitry Kulikov.
13:42 of 1st period - Stopped by Marc-André Fleury without a rebound.
13:43 of 1st period - Jordan Staal wins face-off versus Chris Drury in Maple Leafs zone.
13:43 of 1st period - Jordan Staal is hit by Dustin Byfuglien.
13:46 of 1st period - Minor Penalty to Marc-Édouard Vlasic for Cross-checking.
13:47 of 1st period - Daniel Briere wins face-off versus Jordan Staal in Maple Leafs zone.
13:51 of 1st period - Slapshot by Marek Svatos.
13:51 of 1st period - Stopped by Marc-André Fleury with a rebound.
13:53 of 1st period - Wrist shot by Daniel Briere.
13:53 of 1st period - Shot Misses the Net.
14:03 of 1st period - Wrist shot by Daniel Briere.
14:03 of 1st period - Goal by Daniel Briere - Maple Leafs : 0 - Nordiques : 1.
14:04 of 1st period - Jordan Staal wins face-off versus R.J. Umberger in neutral zone.
15:19 of 1st period - Snap shot by Rich Peverley.
15:19 of 1st period - Stopped by Marc-André Fleury with a rebound.
16:11 of 1st period - Wrist shot by Gilbert Brule.
16:11 of 1st period - Shot Misses the Net.
16:17 of 1st period - Minor Penalty to Chris Drury for High sticking.
16:18 of 1st period - Jordan Staal wins face-off versus Marek Svatos in Nordiques zone.
16:33 of 1st period - Snap shot by Jordan Staal.
16:33 of 1st period - Stopped by Tyler Weiman with a rebound.
16:35 of 1st period - Wrist shot by Claude Giroux.
16:35 of 1st period - Stopped by Tyler Weiman with a rebound.
18:03 of 1st period - Claude Giroux is hit by Dmitry Kulikov and loses puck.
18:17 of 1st period - Penalty to Chris Drury is over, Chris Drury is back on ice.
18:30 of 1st period - Paul Gaustad is hit by Eric Nystrom and loses puck.
18:57 of 1st period - Snap shot by Michael Ryder.
18:57 of 1st period - Goal by Michael Ryder - Maple Leafs : 0 - Nordiques : 2.
18:58 of 1st period - Daniel Briere wins face-off versus Jordan Staal in neutral zone.
19:09 of 1st period - Slapshot by Daniel Briere.
19:09 of 1st period - Stopped by Marc-André Fleury with a rebound.
19:24 of 1st period - Claude Giroux is hit by Chris Drury and loses puck.
Goals for this period are 0 for Maple Leafs vs 2 for Nordiques.
Shots for this period are 6 for Maple Leafs vs 7 for Nordiques.

2nd period


0:01 of 2nd period - Jordan Staal wins face-off versus Daniel Briere in neutral zone.
0:04 of 2nd period - Snap shot by Claude Giroux.
0:04 of 2nd period - Stopped by Tyler Weiman without a rebound.
0:05 of 2nd period - Jordan Staal wins face-off versus Marek Svatos in Nordiques zone.
0:34 of 2nd period - Ryan Ellis is hit by Gilbert Brule and loses puck.
0:42 of 2nd period - Snap shot by Gilbert Brule.
0:42 of 2nd period - Deflect By Fedor Tyutin.
0:42 of 2nd period - Shot Blocked by Jean-Pierre Dumont.
0:42 of 2nd period - Puck is out of play.
0:43 of 2nd period - Jamie Benn wins face-off versus Daniel Briere in Nordiques zone.
1:10 of 2nd period - Marc-Édouard Vlasic is hit by Chris Drury and loses puck.
1:29 of 2nd period - Snap shot by Evgeny Grachev.
1:29 of 2nd period - Shot Blocked by Fedor Tyutin.
1:44 of 2nd period - Icing by Evgeny Grachev.
1:45 of 2nd period - Nikolai Kulemin wins face-off versus Evgeny Grachev in Maple Leafs zone.
2:29 of 2nd period - Icing by Evgeny Grachev.
2:30 of 2nd period - Jordan Staal wins face-off versus Paul Gaustad in Maple Leafs zone.
3:09 of 2nd period - Backhand shot by Jean-Pierre Dumont.
3:09 of 2nd period - Stopped by Marc-André Fleury with a rebound.
5:05 of 2nd period - Snap shot by Michael Ryder.
5:05 of 2nd period - Stopped by Marc-André Fleury with a rebound.
5:23 of 2nd period - Wrist shot by Michael Grabner.
5:23 of 2nd period - Shot Misses the Net.
5:25 of 2nd period - Slapshot by Alexander Frolov.
5:25 of 2nd period - Shot Misses the Net.
5:27 of 2nd period - Slapshot by Taylor Chorney.
5:27 of 2nd period - Shot Blocked by Ryan Ellis.
5:47 of 2nd period - Wrist shot by Vladimir Tarasenko.
5:47 of 2nd period - Stopped by Marc-André Fleury with a rebound.
5:49 of 2nd period - Wrist shot by Chris Drury.
5:49 of 2nd period - Shot Misses the Net.
5:59 of 2nd period - Snap shot by Evgeny Grachev.
5:59 of 2nd period - Shot Misses the Net.
6:01 of 2nd period - Wrist shot by Michael Grabner.
6:01 of 2nd period - Shot Blocked by Dustin Byfuglien.
6:03 of 2nd period - Snap shot by Colby Armstrong.
6:03 of 2nd period - Shot Misses the Net.
6:18 of 2nd period - Ryan Parent is hit by Rich Peverley.
6:36 of 2nd period - Snap shot by Vladimir Tarasenko.
6:36 of 2nd period - Stopped by Marc-André Fleury without a rebound.
6:37 of 2nd period - Evgeny Grachev wins face-off versus Chris Drury in Maple Leafs zone.
6:43 of 2nd period - Icing by Fabian Brunnstrom.
6:44 of 2nd period - Daniel Briere wins face-off versus Fabian Brunnstrom in Maple Leafs zone.
6:45 of 2nd period - Wrist shot by Marek Svatos.
6:45 of 2nd period - Stopped by Marc-André Fleury with a rebound.
7:34 of 2nd period - Snap shot by Alexander Frolov.
7:34 of 2nd period - Stopped by Tyler Weiman with a rebound.
7:36 of 2nd period - Wrist shot by Michael Grabner.
7:36 of 2nd period - Shot Misses the Net.
7:58 of 2nd period - R.J. Umberger is hit by Fabian Brunnstrom and loses puck.
8:37 of 2nd period - Snap shot by Michael Ryder.
8:37 of 2nd period - Shot Misses the Net.
10:35 of 2nd period - Minor Penalty to Eric Nystrom for High sticking.
10:36 of 2nd period - Daniel Briere wins face-off versus Jordan Staal in Maple Leafs zone.
11:14 of 2nd period - Off-side.
11:15 of 2nd period - Daniel Briere wins face-off versus Gilbert Brule in neutral zone.
11:22 of 2nd period - Slapshot by Daniel Briere.
11:22 of 2nd period - Shot Misses the Net.
11:24 of 2nd period - Snap shot by Dustin Byfuglien.
11:24 of 2nd period - Stopped by Marc-André Fleury without a rebound.
11:25 of 2nd period - Daniel Briere wins face-off versus Jordan Staal in Maple Leafs zone.
11:28 of 2nd period - Wrist shot by Daniel Briere.
11:28 of 2nd period - Stopped by Marc-André Fleury with a rebound.
11:30 of 2nd period - Slapshot by Dustin Byfuglien.
11:30 of 2nd period - Stopped by Marc-André Fleury with a rebound.
11:32 of 2nd period - Wrist shot by Daniel Briere.
11:32 of 2nd period - Shot Blocked by Braydon Coburn.
11:34 of 2nd period - Wrist shot by Daniel Briere.
11:34 of 2nd period - Stopped by Marc-André Fleury without a rebound.
11:35 of 2nd period - Daniel Briere wins face-off versus Jordan Staal in Maple Leafs zone.
11:42 of 2nd period - Wrist shot by R.J. Umberger.
11:42 of 2nd period - Stopped by Marc-André Fleury without a rebound.
11:43 of 2nd period - Marek Svatos wins face-off versus Jordan Staal in Maple Leafs zone.
11:58 of 2nd period - Slapshot by Ryan Ellis.
11:58 of 2nd period - Stopped by Marc-André Fleury with a rebound.
12:32 of 2nd period - Slapshot by Gilbert Brule.
12:32 of 2nd period - Stopped by Tyler Weiman without a rebound.
12:33 of 2nd period - Daniel Briere wins face-off versus Gilbert Brule in Nordiques zone.
12:35 of 2nd period - Penalty to Eric Nystrom is over, Eric Nystrom is back on ice.
13:13 of 2nd period - Wrist shot by Alexander Frolov.
13:13 of 2nd period - Stopped by Tyler Weiman with a rebound.
13:15 of 2nd period - Snap shot by Michael Grabner.
13:15 of 2nd period - Shot Misses the Net.
13:17 of 2nd period - Slapshot by Alexander Frolov.
13:17 of 2nd period - Stopped by Tyler Weiman with a rebound.
13:19 of 2nd period - Backhand shot by Taylor Chorney.
13:19 of 2nd period - Stopped by Tyler Weiman without a rebound.
13:20 of 2nd period - Jordan Staal wins face-off versus Marek Svatos in Nordiques zone.
13:29 of 2nd period - Slapshot by Ryan Ellis.
13:29 of 2nd period - Shot Hit the Post.
13:31 of 2nd period - Slapshot by Ryan Ellis.
13:31 of 2nd period - Deflect By Daniel Briere.
13:31 of 2nd period - Stopped by Marc-André Fleury with a rebound.
13:33 of 2nd period - Slapshot by Ryan Ellis.
13:33 of 2nd period - Goal by Ryan Ellis - Maple Leafs : 0 - Nordiques : 3.
13:34 of 2nd period - Daniel Briere wins face-off versus Jordan Staal in neutral zone.
13:39 of 2nd period - Snap shot by Daniel Briere.
13:39 of 2nd period - Shot Misses the Net.
13:41 of 2nd period - Snap shot by Daniel Briere.
13:41 of 2nd period - Stopped by Marc-André Fleury with a rebound.
13:47 of 2nd period - Snap shot by Daniel Briere.
13:47 of 2nd period - Shot Blocked by Braydon Coburn.
13:49 of 2nd period - Slapshot by Daniel Briere.
13:49 of 2nd period - Shot Misses the Net.
14:04 of 2nd period - Slapshot by Paul Gaustad.
14:04 of 2nd period - Deflect By Kyle Calder.
14:04 of 2nd period - Stopped by Marc-André Fleury without a rebound.
14:05 of 2nd period - Gilbert Brule wins face-off versus Paul Gaustad in Maple Leafs zone.
14:05 of 2nd period - Gilbert Brule is hit by Jean-Pierre Dumont.
14:28 of 2nd period - Wrist shot by Kyle Calder.
14:28 of 2nd period - Deflect By Jean-Pierre Dumont.
14:28 of 2nd period - Stopped by Marc-André Fleury without a rebound.
14:29 of 2nd period - Daniel Briere wins face-off versus Evgeny Grachev in Maple Leafs zone.
14:51 of 2nd period - Minor Penalty to Colby Armstrong for Holding.
14:52 of 2nd period - Jordan Staal wins face-off versus Daniel Briere in Maple Leafs zone.
14:56 of 2nd period - Snap shot by Tobias Enstrom.
14:56 of 2nd period - Shot Blocked by Fedor Tyutin.
15:46 of 2nd period - Snap shot by Gilbert Brule.
15:46 of 2nd period - Stopped by Tyler Weiman with a rebound.
15:48 of 2nd period - Wrist shot by Eric Nystrom.
15:48 of 2nd period - Goal by Eric Nystrom - Maple Leafs : 1 - Nordiques : 3.
15:49 of 2nd period - Daniel Briere wins face-off versus Jordan Staal in neutral zone.
15:58 of 2nd period - Snap shot by Daniel Briere.
15:58 of 2nd period - Stopped by Marc-André Fleury with a rebound.
16:00 of 2nd period - Snap shot by Marek Svatos.
16:00 of 2nd period - Stopped by Marc-André Fleury with a rebound.
16:02 of 2nd period - Snap shot by R.J. Umberger.
16:02 of 2nd period - Stopped by Marc-André Fleury without a rebound.
16:03 of 2nd period - Daniel Briere wins face-off versus Jordan Staal in Maple Leafs zone.
16:19 of 2nd period - Wrist shot by Ryan Ellis.
16:19 of 2nd period - Shot Blocked by Braydon Coburn.
16:35 of 2nd period - Wrist shot by Chris Drury.
16:35 of 2nd period - Shot Blocked by Gilbert Brule.
16:51 of 2nd period - Penalty to Colby Armstrong is over, Colby Armstrong is back on ice.
17:05 of 2nd period - Wrist shot by Alexander Frolov.
17:05 of 2nd period - Shot Blocked by Paul Gaustad.
17:07 of 2nd period - Snap shot by Ryan Parent.
17:07 of 2nd period - Shot Misses the Net.
17:09 of 2nd period - Slapshot by Marc-Édouard Vlasic.
17:09 of 2nd period - Shot Misses the Net.
17:11 of 2nd period - Slapshot by Michael Grabner.
17:11 of 2nd period - Shot Misses the Net.
17:13 of 2nd period - Slapshot by Ryan Parent.
17:13 of 2nd period - Shot Blocked by Jean-Pierre Dumont.
18:11 of 2nd period - Wrist shot by T.J. Fast.
18:11 of 2nd period - Stopped by Marc-André Fleury with a rebound.
19:09 of 2nd period - Zac Dalpe is hit by Nikolai Kulemin and loses puck.
Goals for this period are 1 for Maple Leafs vs 1 for Nordiques.
Shots for this period are 8 for Maple Leafs vs 20 for Nordiques.

3rd period


0:01 of 3rd period - Jordan Staal wins face-off versus Daniel Briere in neutral zone.
0:04 of 3rd period - Wrist shot by Jordan Staal.
0:04 of 3rd period - Stopped by Tyler Weiman with a rebound.
0:06 of 3rd period - Slapshot by Braydon Coburn.
0:06 of 3rd period - Stopped by Tyler Weiman with a rebound.
0:08 of 3rd period - Slapshot by Tobias Enstrom.
0:08 of 3rd period - Shot Blocked by Daniel Briere.
0:10 of 3rd period - Backhand shot by Claude Giroux.
0:10 of 3rd period - Shot Misses the Net.
0:12 of 3rd period - Wrist shot by Claude Giroux.
0:12 of 3rd period - Goal by Claude Giroux - Maple Leafs : 2 - Nordiques : 3.
0:13 of 3rd period - Jordan Staal wins face-off versus Daniel Briere in neutral zone.
0:40 of 3rd period - Gilbert Brule is hit by Matt Moulson and loses puck.
2:03 of 3rd period - Vladimir Tarasenko is hit by Ryan Parent and loses puck.
2:22 of 3rd period - Ryan Parent is hit by Paul Gaustad and loses puck.
2:39 of 3rd period - Wrist shot by Alexander Frolov.
2:39 of 3rd period - Shot Misses the Net.
2:51 of 3rd period - Wrist shot by Gilbert Brule.
2:51 of 3rd period - Shot Misses the Net.
2:53 of 3rd period - Wrist shot by Taylor Chorney.
2:53 of 3rd period - Stopped by Tyler Weiman with a rebound.
2:57 of 3rd period - Snap shot by Alexander Frolov.
2:57 of 3rd period - Stopped by Tyler Weiman with a rebound.
2:59 of 3rd period - Slapshot by Taylor Chorney.
2:59 of 3rd period - Shot Blocked by Fedor Tyutin.
3:05 of 3rd period - Wrist shot by Alexander Frolov.
3:05 of 3rd period - Goal by Alexander Frolov - Maple Leafs : 3 - Nordiques : 3.
3:06 of 3rd period - Daniel Briere wins face-off versus Jordan Staal in neutral zone.
3:21 of 3rd period - Slapshot by Claude Giroux.
3:21 of 3rd period - Shot Blocked by Mark Eaton.
3:23 of 3rd period - Wrist shot by Claude Giroux.
3:23 of 3rd period - Stopped by Tyler Weiman with a rebound.
3:33 of 3rd period - Dustin Byfuglien is hit by Fabian Brunnstrom and loses puck.
3:38 of 3rd period - Snap shot by Fabian Brunnstrom.
3:38 of 3rd period - Shot Blocked by Vladimir Tarasenko.
3:40 of 3rd period - Backhand shot by Marc-Édouard Vlasic.
3:40 of 3rd period - Deflect By Fabian Brunnstrom.
3:40 of 3rd period - Shot Misses the Net.
3:40 of 3rd period - Puck is out of play.
3:41 of 3rd period - Chris Drury wins face-off versus Jordan Staal in Nordiques zone.
4:26 of 3rd period - Daniel Briere is hit by Michael Grabner and loses puck.
4:45 of 3rd period - Jean-Pierre Dumont is hit by Fabian Brunnstrom and loses puck.
5:36 of 3rd period - Wrist shot by Claude Giroux.
5:36 of 3rd period - Shot Misses the Net.
5:58 of 3rd period - Slapshot by Marek Svatos.
5:58 of 3rd period - Shot Misses the Net.
6:52 of 3rd period - Snap shot by Marc-Édouard Vlasic.
6:52 of 3rd period - Stopped by Tyler Weiman with a rebound.
6:54 of 3rd period - Snap shot by Marc-Édouard Vlasic.
6:54 of 3rd period - Deflect By Chris Drury.
6:54 of 3rd period - Stopped by Tyler Weiman with a rebound.
7:02 of 3rd period - Slapshot by Jordan Staal.
7:02 of 3rd period - Stopped by Tyler Weiman without a rebound.
7:03 of 3rd period - Marek Svatos wins face-off versus Jordan Staal in Nordiques zone.
7:08 of 3rd period - Claude Giroux is hit by Marek Svatos.
7:20 of 3rd period - Dmitry Kulikov is hit by Jordan Staal and loses puck.
7:33 of 3rd period - Snap shot by Matt Moulson.
7:33 of 3rd period - Stopped by Marc-André Fleury with a rebound.
8:15 of 3rd period - Slapshot by Michael Ryder.
8:15 of 3rd period - Shot Hit the Post.
8:17 of 3rd period - Slapshot by T.J. Fast.
8:17 of 3rd period - Shot Blocked by Zac Dalpe.
8:19 of 3rd period - Wrist shot by Dmitry Kulikov.
8:19 of 3rd period - Shot Blocked by John Klingberg.
8:32 of 3rd period - Off-side.
8:33 of 3rd period - Daniel Briere wins face-off versus Jordan Staal in neutral zone.
8:37 of 3rd period - Off-side.
8:38 of 3rd period - Jordan Staal wins face-off versus Daniel Briere in neutral zone.
8:40 of 3rd period - Minor Penalty to Claude Giroux for Hooking.
8:41 of 3rd period - Jordan Staal wins face-off versus Daniel Briere in Maple Leafs zone.
9:07 of 3rd period - Daniel Briere is hit by Jordan Staal and loses puck.
9:44 of 3rd period - Gilbert Brule is hit by Marek Svatos and loses puck.
10:09 of 3rd period - Slapshot by R.J. Umberger.
10:09 of 3rd period - Stopped by Marc-André Fleury with a rebound.
10:11 of 3rd period - Backhand shot by Dustin Byfuglien.
10:11 of 3rd period - Stopped by Marc-André Fleury with a rebound.
10:13 of 3rd period - Wrist shot by Daniel Briere.
10:13 of 3rd period - Deflect By R.J. Umberger.
10:13 of 3rd period - Deflect By Ryan Parent.
10:13 of 3rd period - Stopped by Marc-André Fleury with a rebound.
10:15 of 3rd period - Slapshot by Dustin Byfuglien.
10:15 of 3rd period - Stopped by Marc-André Fleury without a rebound.
10:16 of 3rd period - Chris Drury wins face-off versus Jordan Staal in Maple Leafs zone.
10:19 of 3rd period - Slapshot by Matt Moulson.
10:19 of 3rd period - Shot Misses the Net.
10:40 of 3rd period - Penalty to Claude Giroux is over, Claude Giroux is back on ice.
11:33 of 3rd period - Slapshot by Taylor Chorney.
11:33 of 3rd period - Deflect By Ryan Ellis.
11:33 of 3rd period - Stopped by Tyler Weiman without a rebound.
11:34 of 3rd period - Matt Moulson wins face-off versus Jordan Staal in Nordiques zone.
11:59 of 3rd period - Nikolai Kulemin is hit by Tobias Enstrom and loses puck.
12:09 of 3rd period - Off-side.
12:10 of 3rd period - Gilbert Brule wins face-off versus Chris Drury in neutral zone.
12:12 of 3rd period - Off-side.
12:13 of 3rd period - Gilbert Brule wins face-off versus Chris Drury in neutral zone.
12:20 of 3rd period - Wrist shot by Braydon Coburn.
12:20 of 3rd period - Stopped by Tyler Weiman without a rebound.
12:21 of 3rd period - Daniel Briere wins face-off versus Jordan Staal in Nordiques zone.
12:49 of 3rd period - Snap shot by Jean-Pierre Dumont.
12:49 of 3rd period - Stopped by Marc-André Fleury without a rebound.
12:50 of 3rd period - Gilbert Brule wins face-off versus Paul Gaustad in Maple Leafs zone.
12:55 of 3rd period - Alexander Frolov is hit by Fedor Tyutin and loses puck.
13:30 of 3rd period - Wrist shot by Claude Giroux.
13:30 of 3rd period - Stopped by Tyler Weiman without a rebound.
13:31 of 3rd period - Colby Armstrong wins face-off versus Chris Drury in Nordiques zone.
13:34 of 3rd period - Slapshot by Fabian Brunnstrom.
13:34 of 3rd period - Goal by Fabian Brunnstrom - Maple Leafs : 4 - Nordiques : 3.
13:35 of 3rd period - Daniel Briere wins face-off versus Jordan Staal in neutral zone.
14:39 of 3rd period - Slapshot by Jean-Pierre Dumont.
14:39 of 3rd period - Stopped by Marc-André Fleury with a rebound.
14:41 of 3rd period - Slapshot by Fedor Tyutin.
14:41 of 3rd period - Stopped by Marc-André Fleury with a rebound.
14:49 of 3rd period - Ryan Ellis is hit by Marc-Édouard Vlasic and loses puck.
15:46 of 3rd period - Jean-Pierre Dumont is hit by Gilbert Brule and loses puck.
16:03 of 3rd period - Slapshot by Ryan Ellis.
16:03 of 3rd period - Shot Misses the Net.
16:05 of 3rd period - Wrist shot by Kyle Calder.
16:05 of 3rd period - Stopped by Marc-André Fleury with a rebound.
16:07 of 3rd period - Wrist shot by Jean-Pierre Dumont.
16:07 of 3rd period - Deflect By Paul Gaustad.
16:07 of 3rd period - Shot Blocked by Marc-Édouard Vlasic.
16:07 of 3rd period - Puck is out of play.
16:08 of 3rd period - Evgeny Grachev wins face-off versus Daniel Briere in Maple Leafs zone.
16:44 of 3rd period - Backhand shot by Jordan Staal.
16:44 of 3rd period - Stopped by Tyler Weiman with a rebound.
18:06 of 3rd period - Slapshot by Mark Eaton.
18:06 of 3rd period - Shot Misses the Net.
18:08 of 3rd period - Slapshot by Dustin Byfuglien.
18:08 of 3rd period - Deflect By Marek Svatos.
18:08 of 3rd period - Stopped by Marc-André Fleury with a rebound.
18:10 of 3rd period - Snap shot by Dustin Byfuglien.
18:10 of 3rd period - Deflect By Eric Nystrom.
18:10 of 3rd period - Stopped by Marc-André Fleury without a rebound.
18:11 of 3rd period - Daniel Briere wins face-off versus Jordan Staal in Maple Leafs zone.
18:14 of 3rd period - Snap shot by Marek Svatos.
18:14 of 3rd period - Stopped by Marc-André Fleury with a rebound.
18:20 of 3rd period - Marek Svatos is hit by Blake Comeau and loses puck.
18:33 of 3rd period - Vladimir Tarasenko is hit by Evgeny Grachev and loses puck.
18:56 of 3rd period - R.J. Umberger is hit by Eric Nystrom and loses puck.
19:03 of 3rd period - Nordiques, Tyler Weiman is pulled from the net.
19:03 of 3rd period - Snap shot by Daniel Briere.
19:03 of 3rd period - Stopped by Marc-André Fleury with a rebound.
19:09 of 3rd period - Ryan Ellis is hit by Blake Comeau.
19:13 of 3rd period - Snap shot by Daniel Briere.
19:13 of 3rd period - Stopped by Marc-André Fleury without a rebound.
19:14 of 3rd period - Claude Noel call a timeout for Nordiques.
19:14 of 3rd period - Daniel Briere wins face-off versus Jordan Staal in Maple Leafs zone.
19:23 of 3rd period - Wrist shot by Jordan Staal.
19:23 of 3rd period - Goal by Jordan Staal - Maple Leafs : 5 - Nordiques : 3.
19:23 of 3rd period - Tyler Weiman from Nordiques was sent back in the game.
19:24 of 3rd period - Chris Drury wins face-off versus Evgeny Grachev in neutral zone.
Goals for this period are 4 for Maple Leafs vs 0 for Nordiques.
Shots for this period are 16 for Maple Leafs vs 14 for Nordiques.